 Dungeon Crawl Stone Soup version 0.22-a0-224-g8cf3520 (webtiles) character file.

4255 Serpenta the Covert (level 10, -1/75 HPs)
             Began as a Kobold Fire Elementalist on Feb 19, 2018.
             Was a Believer of Sif Muna.
             Succumbed to a wolf spider's poison
             ... on level 10 of the Dungeon.
             The game lasted 00:34:16 (12187 turns).

Serpenta the Covert (Kobold Fire Elementalist)     Turns: 12187, Time: 00:34:18

Health: -1/75      AC: 11    Str: 10    XL:     10   Next: 56%
Magic:  5/13       EV: 16    Int: 20    God:    Sif Muna [**....]
Gold:   364        SH:  9    Dex: 14    Spells: 0/13 levels left

rFire    + . .     SeeInvis .   u - +3 dagger (drain)
rCold    . . .     Gourm    .   p - +0 buckler
rNeg     . . .     Faith    .   C - +0 robe {MR+}
rPois    .         Spirit   .   n - +1 helmet
rElec    .         Reflect  +   l - +2 cloak
rCorr    .         Harm     .   H - +2 pair of gloves
MR       +....                  a - +0 pair of boots
Stlth    ..........             J - +3 amulet of reflection
HPRegen  0.22/turn              o - -2 ring of dexterity (curse)
MPRegen  0.13/turn              B - ring of protection from fire

@: berserking, lethally poisoned (-1 -> -46), very quick
A: small, carnivore
a: Divine Energy, Renounce Religion


You were on level 10 of the Dungeon.
You worshipped Sif Muna.
Sif Muna was pleased with you.
You were completely stuffed.

You visited 2 branches of the dungeon, and saw 12 of its levels.
You also visited: Sewer.

You collected 660 gold pieces.
You spent 296 gold pieces at shops.


Innate Abilities, Weirdness & Mutations

You are small and have problems with some larger weapons.
You are carnivorous and can eat meat at any time.


   Skills:
 * Level 4.8 Short Blades
 + Level 4.2 Dodging
 - Level 12.0 Stealth
 - Level 5.6 Shields
 - Level 2.1 Spellcasting
 + Level 6.5 Conjurations
 + Level 6.3 Fire Magic


You couldn't memorise any spells.
You knew the following spells:

 Your Spells              Type           Power        Failure   Level  Hunger
A - Flame Tongue          Conj/Fire      ####.        1%          1    #......
B - Conjure Flame         Conj/Fire      ####....     3%          3    ###....
C - Sticky Flame          Conj/Fire      ####....     11%         4    #####..
D - Fireball              Conj/Fire      ####......   30%         5    ######.

Action                   |  1- 3 |  4- 6 |  7- 9 | 10-12 || total
-------------------------+-------+-------+-------+-------++-------
Melee: Mace              |     1 |       |       |       ||     1
       Dagger            |    32 |    99 |   331 |    66 ||   528
 Cast: Flame Tongue      |    72 |   115 |    84 |    14 ||   285
       Conjure Flame     |       |     1 |     4 |       ||     5
       Sticky Flame      |       |       |    21 |    11 ||    32
       Fireball          |       |       |       |     2 ||     2
Evoke: Wand              |       |       |     1 |     2 ||     3
  Use: Scroll            |     5 |     8 |    12 |       ||    25
       Potion            |       |     1 |       |     2 ||     3
 Stab: Sleeping          |     1 |     4 |    19 |    11 ||    35
       Distracted        |       |       |       |     1 ||     1
  Eat: Chunk             |    12 |    11 |    24 |    10 ||    57
Armor: Robe              |     7 |    29 |    77 |    15 ||   128
Dodge: Dodged            |    44 |   125 |   225 |    23 ||   417
Block: Buckler           |       |       |    29 |    20 ||    49

Inventory:

Hand Weapons
 u - a +3 dagger of draining (weapon)
Armour
 a - a +0 pair of boots (worn)
 l - a +2 cloak (worn)
 n - a +1 helmet (worn)
 p - a +0 buckler (worn)
 C - a +0 robe of magic resistance (worn)
 H - a +2 pair of gloves (worn)
Jewellery
 o - a cursed -2 ring of dexterity (left hand)
 B - a ring of protection from fire (right hand)
 J - a +3 amulet of reflection (around neck)
Wands
 w - a wand of disintegration (11)
 y - a wand of polymorph (9)
 F - a wand of iceblast (11)
Scrolls
 d - 3 scrolls of teleportation
 g - a scroll of amnesia
 m - 5 scrolls of enchant weapon
 r - 3 scrolls of remove curse
 D - 3 scrolls of identify
 E - a scroll of enchant armour
 G - a scroll of torment {unknown}
Potions
 c - 13 potions of curing
 e - 4 potions of might
 f - a potion of cancellation
 h - a potion of magic
 i - 5 potions of flight
 j - 3 potions of lignification
 k - 2 potions of resistance
 q - 3 potions of heal wounds
 s - 4 potions of brilliance
 t - a potion of haste
 v - a potion of berserk rage
 x - a potion of mutation
 z - a potion of ambrosia
 A - a potion of agility
Comestibles
 b - 19 rations
 I - a chunk of flesh {@w1}

#.#.... .. #######..# #.#####
#######'####........######......
................................
#.............................##
#.............................#.
#..........................†..#.
#.............................#.
#.............†@..............#.
..#....######....######......#.
.(..........)#.........#......#.
#....##......#.........#......#.
#... #......#.........#......#.
+.. .......#.........#......# #.
..#....#.........#......## #
..........................
.....##....(.........######


There were no monsters in sight!

Vanquished Creatures
  A wolf spider (D:10)
  A vampire (D:9)
  Edmund (D:5)
  A water moccasin (D:11)
  2 ice beasts
  2 orc warriors
  2 sky beasts
  4 phantoms
  5 ogres
  An eye of draining (D:11)
  A centaur (D:9)
  2 big kobolds
  3 bullfrogs
  4 scorpions
  6 howler monkeys
  A crimson imp (D:9)
  A centaur skeleton (D:7)
  6 hounds
  3 orc priests
  7 orc wizards
  6 worker ants
  An iguana (D:4)
  2 killer bee zombies
  A hound skeleton (D:9)
  2 worker ant zombies
  15 adders
  10 gnolls
  7 river rats
  2 shadow imps
  4 worms
  2 dart slugs
  4 leopard geckos
  21 orcs
  6 giant cockroaches
  8 goblins
  10 hobgoblins
  8 jackals (D:1)
  41 kobolds
  6 quokkas
  5 ball pythons
  9 bats
  A frilled lizard (D:2)
  A quokka zombie (D:5)
  25 rats
251 creatures vanquished.

Vault maps used:
D:1:      roderic_dead_forest, kennysheep_crisscross, serial_park_tiny_1,
          minmay_hexomino_f4
D:3:      item_on_display_a
D:4:      serial_shops, shop_statue, portal_sewer_entry_b
D:5:      minmay_temple_entry_glass, first_ration, uniq_edmund
D:6:      minmay_misc_feat_rows, hangedman_abyss_or_decor_stagger, st_stairs_9
D:7:      kennysheep_kobold_camp, old_standard_altar, serial_shops, shop,
          nicolae_shop_stone, shop, nicolae_shop_stone
D:8:      david_lair_shrubbed
D:10:     minmay_cut_squares, uniq_harold
D:11:     cheibrodos_fzero, orc_david_3, grunt_ogre_cave, serial_bayou_crossing
Temple:   compressed_dpeg_triangle_lava_temple
Sewer:    sewer_minmay_treatment


Message History

You are lethally poisoned!
The wolf spider poisons you!
You puncture the wolf spider! You drain the wolf spider!
The wolf spider is severely wounded.
* * * LOW HITPOINT WARNING * * *
You feel sick.
The wolf spider burns!
The wolf spider stops burning.
You block the wolf spider's attack. The wolf spider bites you.
* * * LOW HITPOINT WARNING * * *
You are more poisoned.
The wolf spider poisons you!
You hit the wolf spider.
The wolf spider is almost dead.
* * * LOW HITPOINT WARNING * * *
You feel sick. You block the wolf spider's attack.
The wolf spider barely misses you.
You puncture the wolf spider!
You kill the wolf spider!
Sif Muna accepts your kill.
Your Dodging skill increases to level 4!
You die...

Notes
Turn   | Place    | Note
-------+----------+-------------------------------------------
     0 | D:1      | Serpenta the Kobold Fire Elementalist began the quest for the Orb.
     0 | D:1      | Reached XP level 1. HP: 10/10 MP: 3/3
   209 | D:1      | Reached skill level 3 in Stealth
   209 | D:1      | Reached XP level 2. HP: 15/15 MP: 0/5
   658 | D:1      | Reached XP level 3. HP: 17/19 MP: 3/6
  1037 | D:1      | Learned a level 3 spell: Conjure Flame
  1863 | D:2      | Reached XP level 4. HP: 11/24 MP: 0/7
  3054 | D:2      | Reached skill level 4 in Stealth
  3054 | D:2      | Reached XP level 5. HP: 24/28 MP: 4/8
  4052 | D:3      | Learned a level 4 spell: Sticky Flame
  4112 | D:4      | Found a glowing drain.
  4131 | D:4      | Reached XP level 6. HP: 32/32 MP: 6/9
  4149 | Sewer    | Entered a sewer
  4599 | Sewer    | Reached skill level 5 in Stealth
  4834 | Sewer    | Reached XP level 7. HP: 36/36 MP: 10/10
  5217 | D:4      | Reached skill level 6 in Stealth
  5217 | D:4      | Reached skill level 1 in Shields
  5318 | D:4      | Found Meungue's General Store.
  5648 | D:5      | Entered Level 5 of the Dungeon
  5650 | D:5      | Reached skill level 7 in Stealth
  5650 | D:5      | Reached XP level 8. HP: 41/41 MP: 11/11
  5943 | D:5      | Found a staircase to the Ecumenical Temple.
  5960 | Temple   | Entered the Ecumenical Temple
  6033 | Temple   | Became a worshipper of Sif Muna the Loreminder
  6154 | D:5      | Reached skill level 8 in Stealth
  6974 | D:5      | Noticed Edmund
  6987 | D:5      | Killed Edmund
  6987 | D:5      | Reached skill level 9 in Stealth
  7233 | D:7      | Found Fyrid's Food Shop.
  7264 | D:7      | Reached XP level 9. HP: 44/45 MP: 8/12
  7438 | D:7      | Reached skill level 10 in Stealth
  7606 | D:7      | Reached skill level 5 in Shields
  7685 | D:7      | Found Suarocs's Weapon Shoppe.
  7710 | D:7      | Found Jeqasah's Assorted Antiques.
  7790 | D:7      | Found Iloxabol's Antique Armour Shoppe.
  7817 | D:7      | Bought a runed robe for 92 gold pieces
  7828 | D:7      | Bought a glowing robe for 92 gold pieces
  7849 | D:7      | Bought a pair of boots for 112 gold pieces
  8144 | D:6      | Reached skill level 11 in Stealth
  8617 | D:6      | Reached skill level 5 in Conjurations
  8731 | D:6      | Reached * piety under Sif Muna
  8920 | D:6      | Reached skill level 5 in Fire Magic
  9268 | D:7      | Found a stormy altar of Qazlal.
  9908 | D:8      | Noticed anet's ghost (novice DEWz)
 10226 | D:8      | Reached XP level 10. HP: 50/50 MP: 8/13
 10233 | D:8      | Learned a level 5 spell: Fireball
 10666 | D:9      | Reached skill level 12 in Stealth
 10791 | D:9      | Reached skill level 1 in Short Blades
 10841 | D:9      | Reached ** piety under Sif Muna
 11879 | D:10     | Entered Level 10 of the Dungeon
 12172 | D:10     | Noticed a wolf spider
 12185 | D:10     | HP: 3/75 [wolf spider (6)]
 12186 | D:10     | HP: 1/75 [poisoned by a wolf spider]
 12187 | D:10     | Killed a wolf spider
 12187 | D:10     | Succumbed to a wolf spider's poison
